BSA
IRVINE GANG GREEN @ SEATTLE PIKES
07/27/2026
 
TOP OF THE 1ST
Irvine Gang Green batting - Pitching for Seattle Pikes : RHP Rodrigo Aguilar
Pitching: RHP Rodrigo Aguilar
Batting: LHB Leonardo Medina 0-0: Called Strike
0-1: Foul Ball, location: 2F
0-2: Ball
1-2: Foul Ball, location: 2F
1-2: Ball
2-2: Ball
3-2: Foul Ball, location: 2F
3-2: DOUBLE (Line Drive, 8RXD)
Batting: LHB Jorge Martínez 0-0: Ball
1-0: Ball
2-0: Fly out, F9 (Flyball, 89XD)
Runner from 2nd tags up, SAFE at 3rd, no throw
Batting: RHB Buck Jones 0-0: Called Strike
0-1: Ball
1-1: Ground out 6-3 (Groundball, 6)
Leonardo Medina scores
Batting: LHB Víctor Quiñones 0-0: Called Strike
0-1: Foul Ball, location: 2F
0-2: Ball
1-2: Ball
2-2: Ball
3-2: Foul Ball, location: 2F
3-2: Ground out 4-3 (Groundball, 34)
Top of the 1st over - 1 run(s), 1 hit(s), 0 error(s), 0 left on base; Irvine 1 - Seattle 0
BOTTOM OF THE 1ST
Seattle Pikes batting - Pitching for Irvine Gang Green : RHP Jung Chwa
Pitching: RHP Jung Chwa
Batting: LHB Chad Weaver 0-0: Swinging Strike
0-1: Called Strike
0-2: Ball
1-2: Strikes out swinging
Batting: RHB António Ortega 0-0: Called Strike
0-1: Ball
1-1: Ball
2-1: Called Strike
2-2: Strikes out looking
Batting: RHB Alfredo Rivera 0-0: Ball
1-0: Ball
2-0: Ball
3-0: Swinging Strike
3-1: Foul Ball, location: 2F
3-2: Ground out 6-3 (Groundball, 6M)
Bottom of the 1st over - 0 run(s), 0 hit(s), 0 error(s), 0 left on base; Irvine 1 - Seattle 0
TOP OF THE 2ND
Irvine Gang Green batting - Pitching for Seattle Pikes : RHP Rodrigo Aguilar
Batting: RHB Manny Copriviza 0-0: Called Strike
0-1: Ball
1-1: Foul Ball, location: 2F
1-2: Foul Ball, location: 2F
1-2: Ground out 1-3 (Groundball, 15)
Batting: RHB José Salazar 0-0: Ball
1-0: SINGLE (Groundball, 56D)
Batting: LHB Bill Murphy 0-0: Ball
1-0: Swinging Strike
1-1: Swinging Strike
1-2: Foul Ball, location: 2F
1-2: Foul Ball, location: 2F
1-2: Ball
2-2: Ball
3-2: TRIPLE (Line Drive, 9LS)
José Salazar scores
Batting: RHB Raúl Salas 0-0: Swinging Strike
0-1: Called Strike
0-2: Ball
1-2: Ball
2-2: Ball
3-2: Strikes out swinging
Batting: RHB Arturo Rodríguez 0-0: Foul Ball, location: 2F
0-1: Ground out 5-3 (Groundball, 5S)
Top of the 2nd over - 1 run(s), 2 hit(s), 0 error(s), 1 left on base; Irvine 2 - Seattle 0
BOTTOM OF THE 2ND
Seattle Pikes batting - Pitching for Irvine Gang Green : RHP Jung Chwa
Batting: LHB Keith Tillman 0-0: Ball
1-0: Ball
2-0: Ground out 4-3 (Groundball, 4)
Batting: RHB Randy Sheppard 0-0: SINGLE (Groundball, 56D)
Batting: RHB Arnold Harmon 0-0: Ball
1-0: Called Strike
Randy Sheppard is caught stealing 2nd base
1-1: Foul Ball, location: 2F
1-2: Strikes out swinging
Bottom of the 2nd over - 0 run(s), 1 hit(s), 0 error(s), 0 left on base; Irvine 2 - Seattle 0
TOP OF THE 3RD
Irvine Gang Green batting - Pitching for Seattle Pikes : RHP Rodrigo Aguilar
Batting: LHB Leonardo Medina 0-0: Ball
1-0: Ball
2-0: Ball
3-0: Called Strike
3-1: Base on Balls
Batting: LHB Jorge Martínez 0-0: Called Strike
0-1: Ball
1-1: Called Strike
1-2: Ball
2-2: Foul Ball, location: 2F
2-2: Grounds into double play, 6-4-3 (Groundball, 6M)
Batting: RHB Buck Jones 0-0: Called Strike
0-1: Foul Ball, location: 2F
0-2: Ball
1-2: Foul Ball, location: 2F
1-2: Ball
2-2: Ball
3-2: SINGLE (Line Drive, 56D)
Batting: LHB Víctor Quiñones 0-0: Ball
1-0: Ball
Buck Jones steals 2nd base
2-0: Ball
3-0: Base on Balls
Batting: RHB Manny Copriviza 0-0: Foul Ball, location: 2F
0-1: Ball
1-1: Ball
2-1: Foul Ball, location: 2F
2-2: TRIPLE (Flyball, 9LM)
Buck Jones scores
Víctor Quiñones scores
Batting: RHB José Salazar 0-0: Ball
1-0: Ball
2-0: SINGLE (Line Drive, 4MD)
Manny Copriviza scores
Batting: LHB Bill Murphy 0-0: Called Strike
0-1: Ball
1-1: Foul Ball, location: 2F
1-2: Ball
2-2: Ball
3-2: SINGLE (Line Drive, 34D)
José Salazar to second
José Salazar to third
Batting: RHB Raúl Salas 0-0: SINGLE (Groundball, 56D)
José Salazar scores
Bill Murphy to second
Batting: RHB Arturo Rodríguez 0-0: Called Strike
0-1: Foul Ball, location: 2F
0-2: Strikes out swinging
Top of the 3rd over - 4 run(s), 5 hit(s), 0 error(s), 2 left on base; Irvine 6 - Seattle 0
BOTTOM OF THE 3RD
Seattle Pikes batting - Pitching for Irvine Gang Green : RHP Jung Chwa
Batting: RHB Kazushige Aoki 0-0: Ball
1-0: Swinging Strike
1-1: Ball
2-1: Fly out, F5 (Popup, 15)
Batting: RHB Wallace Greene 0-0: Swinging Strike
0-1: Foul Ball, location: 2F
0-2: DOUBLE (Line Drive, 8RD)
Batting: RHB Manuel Rico 0-0: Called Strike
Wallace Greene steals 3rd base
0-1: Ball
1-1: Foul Ball, location: 2F
1-2: Foul Ball, location: 2F
1-2: Ball
2-2: Strikes out swinging
Batting: LHB Chad Weaver 0-0: Swinging Strike
0-1: Swinging Strike
0-2: Strikes out swinging
Bottom of the 3rd over - 0 run(s), 1 hit(s), 0 error(s), 1 left on base; Irvine 6 - Seattle 0
TOP OF THE 4TH
Irvine Gang Green batting - Pitching for Seattle Pikes : RHP Rodrigo Aguilar
Batting: LHB Leonardo Medina 0-0: Ball
1-0: Ground out 3-1 (Groundball, 34S)
Batting: LHB Jorge Martínez 0-0: Swinging Strike
0-1: Fly out, F2 (Popup, 2LF)
Batting: RHB Buck Jones 0-0: Called Strike
0-1: Called Strike
0-2: Ball
1-2: Ball
2-2: Foul Ball, location: 2F
2-2: Fly out, F8 (Popup, 4MD)
Top of the 4th over - 0 run(s), 0 hit(s), 0 error(s), 0 left on base; Irvine 6 - Seattle 0
BOTTOM OF THE 4TH
Seattle Pikes batting - Pitching for Irvine Gang Green : RHP Jung Chwa
Batting: RHB António Ortega 0-0: Called Strike
0-1: Ground out 4-3 (Groundball, 4M)
Batting: RHB Alfredo Rivera 0-0: Ball
1-0: Fly out, F9 (Flyball, 9D)
Batting: LHB Keith Tillman 0-0: Called Strike
0-1: Ball
1-1: Ground out 4-3 (Groundball, 4)
Bottom of the 4th over - 0 run(s), 0 hit(s), 0 error(s), 0 left on base; Irvine 6 - Seattle 0
TOP OF THE 5TH
Irvine Gang Green batting - Pitching for Seattle Pikes : RHP Rodrigo Aguilar
Pitching: RHP José Salinas
Batting: LHB Víctor Quiñones 0-0: Called Strike
0-1: Foul Ball, location: 2F
0-2: Strikes out looking
Batting: RHB Manny Copriviza 0-0: Ball
1-0: Ball
2-0: Called Strike
2-1: Reached on error, E5 (Groundball, 5S)
Batting: RHB José Salazar 0-0: Ball
1-0: Foul Ball, location: 2F
1-1: Foul Ball, location: 2F
1-2: Ball
2-2: Ball
3-2: Ground out 6-3 (Groundball, 6)
Batting: LHB Bill Murphy 0-0: Ball
1-0: Ball
2-0: Called Strike
2-1: Ball
3-1: Ground out 4-3 (Groundball, 4)
Top of the 5th over - 0 run(s), 0 hit(s), 1 error(s), 1 left on base; Irvine 6 - Seattle 0
BOTTOM OF THE 5TH
Seattle Pikes batting - Pitching for Irvine Gang Green : RHP Jung Chwa
Batting: RHB Randy Sheppard 0-0: Ball
1-0: Ball
2-0: Called Strike
2-1: Called Strike
2-2: Fly out, F3 (Popup, 23)
Batting: RHB Arnold Harmon 0-0: Ground out 4-3 (Groundball, 13)
Batting: RHB Kazushige Aoki 0-0: Ball
1-0: Ball
2-0: SINGLE (Line Drive, 56D)
Batting: RHB Wallace Greene 0-0: Ball
Kazushige Aoki is caught stealing 2nd base
Bottom of the 5th over - 0 run(s), 1 hit(s), 0 error(s), 0 left on base; Irvine 6 - Seattle 0
TOP OF THE 6TH
Irvine Gang Green batting - Pitching for Seattle Pikes : RHP José Salinas
Batting: RHB Raúl Salas 0-0: Ball
1-0: Ground out 6-3 (Groundball, 6)
Batting: RHB Arturo Rodríguez 0-0: Ball
1-0: Ground out 1-3 (Groundball, 13S)
Batting: LHB Leonardo Medina 0-0: Ball
1-0: Foul Ball, location: 2F
1-1: Ball
2-1: Ball
3-1: Foul Ball, location: 2F
3-2: Base on Balls
Batting: LHB Jorge Martínez 0-0: Foul Ball, location: 2F
0-1: Ball
1-1: Foul Ball, location: 2F
1-2: Ball
2-2: Ball
3-2: Foul Ball, location: 2F
3-2: Fly out, F7 (Line Drive, 7M)
Top of the 6th over - 0 run(s), 0 hit(s), 0 error(s), 1 left on base; Irvine 6 - Seattle 0
BOTTOM OF THE 6TH
Seattle Pikes batting - Pitching for Irvine Gang Green : RHP Jung Chwa
Batting: RHB Wallace Greene 0-0: Ball
1-0: Ground out 6-3 (Groundball, 6M)
Batting: RHB Manuel Rico 0-0: Called Strike
0-1: Foul Ball, location: 2F
0-2: Fly out, F5 (Popup, 5SF)
Batting: LHB Chad Weaver 0-0: Foul Ball, location: 2F
0-1: Ball
1-1: Fly out, F7 (Flyball, 78S)
Bottom of the 6th over - 0 run(s), 0 hit(s), 0 error(s), 0 left on base; Irvine 6 - Seattle 0
TOP OF THE 7TH
Irvine Gang Green batting - Pitching for Seattle Pikes : RHP José Salinas
Pitching: RHP Ernesto Beltrán
Batting: RHB Buck Jones 0-0: Swinging Strike
0-1: Ball
1-1: Ball
2-1: Foul Ball, location: 2F
2-2: Fly out, F4 (Popup, 4M)
Batting: LHB Víctor Quiñones 0-0: Foul Ball, location: 2F
0-1: Foul Ball, location: 2F
0-2: Ground out 1-3 (Groundball, 15S)
Batting: RHB Manny Copriviza 0-0: Called Strike
0-1: Ball
1-1: Ball
2-1: Foul Ball, location: 2F
2-2: Foul Ball, location: 2F
2-2: Foul Ball, location: 2F
2-2: Foul Ball, location: 2F
2-2: Reached on error, E6 (Groundball, 56)
Batting: RHB José Salazar 0-0: Ball
1-0: Foul Ball, location: 2F
1-1: Foul Ball, location: 2F
1-2: 2-RUN HOME RUN (Flyball, 8LXD), Distance : 433 ft
Batting: LHB Bill Murphy 0-0: Fly out, F7 (Flyball, 7D)
Top of the 7th over - 2 run(s), 1 hit(s), 1 error(s), 0 left on base; Irvine 8 - Seattle 0
BOTTOM OF THE 7TH
Seattle Pikes batting - Pitching for Irvine Gang Green : RHP Jung Chwa
Batting: RHB António Ortega 0-0: Swinging Strike
0-1: Called Strike
0-2: Fly out, F9 (Flyball, 89D)
Batting: RHB Alfredo Rivera 0-0: Ball
1-0: Called Strike
1-1: Called Strike
1-2: Strikes out swinging
Batting: LHB Keith Tillman 0-0: SINGLE (Flyball, 8LS)
Batting: RHB Randy Sheppard 0-0: Called Strike
0-1: Foul Ball, location: 2F
0-2: Ball
1-2: Ball
2-2: Strikes out swinging
Bottom of the 7th over - 0 run(s), 1 hit(s), 0 error(s), 1 left on base; Irvine 8 - Seattle 0
TOP OF THE 8TH
Irvine Gang Green batting - Pitching for Seattle Pikes : RHP Ernesto Beltrán
Batting: RHB Raúl Salas 0-0: Called Strike
0-1: Fly out, F7 (Line Drive, 78M)
Batting: RHB Arturo Rodríguez 0-0: Called Strike
0-1: Called Strike
0-2: Strikes out swinging
Batting: LHB Leonardo Medina 0-0: Ball
1-0: Called Strike
1-1: Fly out, F8 (Flyball, 8LD)
Top of the 8th over - 0 run(s), 0 hit(s), 0 error(s), 0 left on base; Irvine 8 - Seattle 0
BOTTOM OF THE 8TH
Seattle Pikes batting - Pitching for Irvine Gang Green : RHP Jung Chwa
Now at SS: Aaron Wilson
Batting: RHB Arnold Harmon 0-0: Foul Ball, location: 2F
0-1: Ball
1-1: Fly out, F6 (Popup, 6)
Batting: RHB Kazushige Aoki 0-0: Swinging Strike
0-1: Ball
1-1: Ball
2-1: DOUBLE (Line Drive, 8LD)
Batting: RHB Wallace Greene 0-0: Ball
1-0: Foul Ball, location: 2F
1-1: Fly out, F9 (Flyball, 9S)
Batting: RHB Manuel Rico 0-0: Ball
1-0: Ground out U3 (Groundball, 3)
Bottom of the 8th over - 0 run(s), 1 hit(s), 0 error(s), 1 left on base; Irvine 8 - Seattle 0
TOP OF THE 9TH
Irvine Gang Green batting - Pitching for Seattle Pikes : RHP Ernesto Beltrán
Batting: LHB Jorge Martínez 0-0: Ball
1-0: Swinging Strike
1-1: Fly out, F6 (Popup, 9LSF)
Batting: RHB Buck Jones 0-0: Foul Ball, location: 2F
0-1: Swinging Strike
0-2: Ground out 6-3 (Groundball, 6)
Batting: LHB Víctor Quiñones 0-0: Ball
1-0: Ball
2-0: Called Strike
2-1: Foul Ball, location: 2F
2-2: Ball
3-2: Ground out 4-3 (Groundball, 4)
Top of the 9th over - 0 run(s), 0 hit(s), 0 error(s), 0 left on base; Irvine 8 - Seattle 0
BOTTOM OF THE 9TH
Seattle Pikes batting - Pitching for Irvine Gang Green : RHP Jung Chwa
Batting: LHB Chad Weaver 0-0: Foul Ball, location: 2F
0-1: Ball
1-1: Ball
2-1: SINGLE (Line Drive, 9S)
Batting: RHB António Ortega 0-0: Foul Ball, location: 2F
0-1: Ball
1-1: Grounds into double play, 6-4-3 (Groundball, 6M)
Batting: RHB Alfredo Rivera 0-0: Called Strike
0-1: Ball
1-1: DOUBLE (Flyball, 8LXD)
Batting: LHB Keith Tillman 0-0: Ball
1-0: Ball
2-0: Foul Ball, location: 2F
2-1: Called Strike
2-2: Ball
3-2: Strikes out looking
Bottom of the 9th over - 0 run(s), 2 hit(s), 0 error(s), 1 left on base; Irvine 8 - Seattle 0
Monday, December 5th, 2016 - OOTP Baseball 17.12 Build 75